Map: Blueshift LE

Players

liquidthermy (uThermal) - Winner!

  • Race: Terran Terran
  • League: Master
  • Spawn Location: 7:00

ShoWTimE

  • Race: Protoss Protoss
  • League: Grandmaster
  • Spawn Location: 1:00

Event: IEM Season 13 - Katowice Server Qualifiers Europe

VOD

Have the link to the VOD?

Description

Time

  • Played on: Jan. 8, 2019, 2 p.m.
  • Length: 9:51

All games in this series

Show
View Real Time Build Order
Export as new Build Order

liquidthermy Terran - Winner!

Build Orders: Cyclone Opening 

Get SALT Encoding   

  12  0:01  SCV  
  13  0:13  SCV  
  14  0:17  Supply Depot  
  14  0:25  SCV  
  15  0:39  SCV  
  15  0:40  Barracks  
  16  0:46  Refinery  
  16  0:51  SCV  
  16  0:55  Refinery  
  17  1:03  SCV  
  18  1:15  SCV  
  19  1:27  Reaper, Orbital Command  
  19  1:31  Supply Depot  
  20  1:43  Factory  
  20  1:53  SCV  
  21  1:59  Reaper  
  22  2:05  SCV  
  23  2:17  SCV  
  24  2:28  Factory Tech Lab  
  24  2:29  SCV  
  25  2:33  Command Center  
  25  2:41  SCV  
  26  2:46  Cyclone  
  26  2:49  Supply Depot  
  29  2:53  SCV  
  29  2:57  Starport  
  30  3:05  SCV  
  31  3:17  SCV  
  32  3:21  Barracks Reactor  
  32  3:22  Siege Tank  
  35  3:29  SCV  
  35  3:33  Starport Tech Lab  
  36  3:41  SCV  
  37  3:52  Cloaking Field  
  37  3:54  SCV  
  38  3:58  Marine x2  
  38  4:00  Refinery  
  40  4:04  Banshee  
  40  4:06  SCV  
  44  4:10  Orbital Command  
  44  4:13  Supply Depot  
  44  4:15  Marine x2  
  46  4:18  SCV  
  47  4:26  Siege Tank  
  47  4:30  SCV  
  51  4:33  Marine x2  
  51  4:35  Engineering Bay  
  51  4:37  SCV  
  54  4:42  SCV  
  54  4:45  Supply Depot  
  55  4:51  Banshee  
  58  4:56  SCV  
  60  5:02  Siege Tank  
  60  5:06  SCV  
  63  5:07  Supply Depot  
  63  5:08  SCV  
  63  5:10  Marine x2  
  66  5:15  Missile Turret  
  66  5:18  SCV  
  66  5:20  SCV  
  68  5:28  Marine  
  68  5:29  Marine  
  68  5:30  SCV  
  68  5:32  SCV  
  68  5:34  Siege Tank  
  68  5:35  Banshee  
  78  5:49  Supply Depot  
  78  5:50  Marine x2  
  78  5:51  SCV x2  
  81  6:03  SCV x2  
  81  6:06  Siege Tank  
  81  6:08  Marine  
  81  6:09  Marine  
  86  6:15  SCV  
  87  6:18  Bunker  
  87  6:20  Bunker x2  
  87  6:23  Bunker  
  87  6:25  SCV  
  88  6:26  Marine  
  88  6:27  Banshee  
  92  6:38  Marine, Supply Depot  
  93  6:44  Marine, Siege Tank  
  97  6:49  Missile Turret  
  97  6:51  Bunker  
  97  6:52  Bunker  
  97  6:56  Marine  
  98  7:02  Marine, Bunker  
  98  7:12  Banshee  
  98  7:13  Missile Turret  
  98  7:14  Marine  
  98  7:15  SCV  
  103  7:16  Siege Tank  
  103  7:17  SCV  
  103  7:19  Marine  
  106  7:27  SCV  
  99  7:31  Marine, SCV  
  87  7:37  Marine  
  87  7:42  SCV  
  81  7:47  SCV  
  81  7:48  Siege Tank  
  81  7:49  Marine  
  83  7:55  Marine  
  83  7:57  SCV  
  85  8:01  SCV  
  86  8:07  Marine, Raven  
  86  8:12  SCV  
  90  8:13  Marine  
  90  8:17  SCV  
  92  8:21  Engineering Bay  
  92  8:24  SCV  
  92  8:25  Marine  
  94  8:30  SCV  
  94  8:31  Marine  
  91  8:36  SCV  
  76  8:42  SCV  
  76  8:43  Marine  
  76  8:48  Marine, SCV  
  70  8:50  Banshee  
  70  8:54  SCV  
  74  8:57  Siege Tank  
  74  9:00  SCV  
  74  9:01  Marine  
  79  9:06  SCV  
  79  9:09  Command Center  
  80  9:14  Bunker  
  80  9:21  SCV  
  80  9:22  Marine x2  
  82  9:35  Bunker  
Show
View Real Time Build Order
Export as new Build Order

ShoWTimE Protoss 

Build Orders: 1 Gate Expand, Blink Stalkers 

Get SALT Encoding   

  12  0:00  Probe  
  13  0:12  Probe  
  14  0:17  Pylon  
  14  0:24  Probe  
  15  0:32  Probe  
  15  0:37  Gateway  
  15  0:40  Probe  
  16  0:46  Assimilator  
  17  0:51  Probe  
  18  1:03  Probe  
  19  1:15  Probe  
  20  1:24  Cybernetics Core  
  20  1:34  Nexus  
  20  1:36  Probe  
  21  1:42  Pylon  
  21  1:48  Probe  
  21  1:50  Assimilator  
  21  1:51  Adept  
  22  2:00  Probe  
  25  2:04  Warp Gate  
  25  2:09  Stalker  
  25  2:12  Probe  
  28  2:24  Probe  
  29  2:36  Probe, Twilight Council  
  30  2:43  Probe  
  30  2:45  Stalker  
  30  2:48  Probe  
  30  2:51  Probe  
  33  2:56  Blink  
  34  3:01  Probe x2  
  36  3:12  Gateway  
  36  3:13  Probe  
  36  3:16  Shield Battery  
  36  3:18  Stalker  
  39  3:29  Probe  
  39  3:30  Probe  
  41  3:38  Gateway  
  41  3:41  Probe  
  41  3:42  Probe  
  43  3:52  Robotics Facility  
  43  3:53  Probe  
  44  3:57  Pylon  
  44  3:58  Probe  
  45  4:05  Probe  
  46  4:15  Probe  
  47  4:18  Stalker  
  47  4:19  Probe  
  47  4:21  Pylon  
  50  4:27  Probe, Shield Battery  
  50  4:30  Stalker  
  53  4:41  Observer  
  54  4:46  Nexus, Pylon  
  54  4:57  Gateway x2  
  54  5:02  Charge, Observer  
  54  5:03  Gateway  
  54  5:05  Gateway  
  54  5:06  Gateway  
  55  5:08  Probe x2  
  55  5:10  Sentry  
  59  5:16  Zealot  
  59  5:17  Zealot  
  63  5:23  Probe x2, Pylon  
  64  5:33  Pylon  
  64  5:38  Zealot  
  64  5:41  Pylon  
  66  5:44  Stalker  
  66  5:48  Stalker  
  70  5:55  Stalker x2  
  72  6:02  Zealot x2  
  73  6:09  Zealot x2  
  75  6:12  Zealot  
  75  6:16  Zealot  
  79  6:20  Zealot  
  79  6:21  Pylon  
  81  6:25  Zealot  
  81  6:35  Zealot x3  
  87  6:40  Zealot x2  
  87  6:45  Zealot  
  93  6:49  Zealot x2  
  97  7:07  Zealot x5  
  104  7:09  Observer  
  104  7:12  Zealot x2  
  109  7:21  Zealot  
  103  7:35  Zealot  
  103  7:37  Zealot x5  
  103  7:42  Zealot  
  109  7:50  Probe  
  105  7:55  Zealot  
  106  7:58  Probe  
  106  8:01  Zealot  
  106  8:05  Pylon  
  109  8:07  Pylon  
  109  8:08  Probe  
  109  8:09  Pylon  
  109  8:10  Observer  
  109  8:18  Stalker  
  109  8:19  Stalker x2  
  108  8:22  Zealot  
  108  8:23  Zealot  
  108  8:24  Zealot x2  
  108  8:26  Zealot  
  95  8:37  Observer, Probe x2  
  70  8:43  Zealot x4  
  58  8:49  Zealot  
  58  8:53  Stalker  
  58  8:58  Stalker  
  60  9:05  Sentry x2  
  64  9:10  Observer  
  64  9:12  Stalker  
  64  9:16  Zealot x2  
  71  9:22  Zealot x2  
  63  9:26  Zealot  
  63  9:30  Zealot  

Tags
 
Add a new tag
Caveats
  • Supply blocks, unpowered buildings, or Contaminate may cause inaccurate times.
  • Supply counts are checked every 10 seconds.